[Event "Team 45 45 League T47"]
[Site "Internet Chess Club"]
[Date "2010.11.14"]
[Round "2"]
[White "gerailen0075"]
[Black "alexping"]
[Result "1-0"]
[WhiteElo "1807"]
[BlackElo "1904"]
[Opening "French: advance, Paulsen attack"]
[ECO "C02"]
[Time "10:04:55"]
[TimeControl "2700+45"]

1. e4 e6 2. d4 d5 3. e5 c5 4. c3 Nc6 5. Nf3 Qb6 6. a3 Bd7 7. b4 cxd4 8. cxd4
Nge7 9. Nc3 Nf5 10. Na4 Qc7 11. Bb2 Rc8 12. Rc1 Qb8 13. Bd3 Be7 14. O-O O-O 15.
Nc5 Be8 16. Bxf5 exf5 17. Qb3 Bxc5 18. Rxc5 Ne7 19. Rfc1 Bd7 20. Qe3 b6 21. R5c3
h6 22. h4 Rxc3 23. Rxc3 Rc8 24. Bc1 Be6 25. Qe1 Rc4 26. Be3 Qc7 27. Rd3 Bd7 28.
h5 Kh7 29. g3 g6 30. Bf4 Be6 31. Qe3 Ng8 32. hxg6+ fxg6 33. Bxh6 Qe7 34. Bg5 Qd7
35. Qf4 Kg7 36. Qh4 Kf8 37. Bh6+ Ke8 38. Be3 Qc6 39. Ng5 Qc8 40. Qh8 Kd7 41.
Qg7+ Ne7 42. Nxe6 Kxe6 43. Qf6+ Kd7 44. Bg5 Qe8 45. Qd6+ Kc8 46. Qxe7 Qb5 47.
Rd1 Qa4 48. Rf1 Rxd4 49. e6 Rd1 50. Qd8+ Kb7 51. Qd7+ Qxd7 52. exd7 {Black
resigns} 1-0

[Event "Team 45 45 League T47"]
[Site "Internet Chess Club"]
[Date "2010.11.13"]
[Round "2"]
[White "rubo"]
[Black "ILRE"]
[Result "1/2-1/2"]
[WhiteElo "1687"]
[BlackElo "1566"]
[Opening "Bird's opening"]
[ECO "A02"]
[Time "12:00:38"]
[TimeControl "2700+45"]

1. f4 Nf6 2. Nf3 g6 3. b3 Bg7 4. Bb2 d6 5. e3 c5 6. Bb5+ Bd7 7. Qe2 O-O 8. O-O
a6 9. Bxd7 Qxd7 10. c4 Nc6 11. d4 cxd4 12. exd4 e6 13. Nc3 Rfe8 14. Rad1 Qc7 15.
Ne4 Nxe4 16. Qxe4 Rad8 17. Qb1 h6 18. g3 Ne7 19. Rfe1 Qa5 20. Re2 Nc6 21. Kg2
Ne7 22. Rde1 Qf5 23. Qxf5 gxf5 24. Kh3 Nc6 25. Rd2 Kh7 26. Kg2 {Game drawn by
mutual agreement} 1/2-1/2

[Event "Team 45 45 League T47"]
[Site "Internet Chess Club"]
[Date "2010.11.22"]
[Round "2"]
[White "blizzard13"]
[Black "misuc56"]
[Result "0-1"]
[WhiteElo "1432"]
[BlackElo "1920"]
[Opening "Sicilian: Smith-Morra gambit"]
[ECO "B21"]
[Time "14:02:49"]
[TimeControl "2700+45"]

1. e4 c5 2. d4 cxd4 3. c3 dxc3 4. Nxc3 d6 5. Nf3 Nc6 6. Bc4 g6 7. e5 Bg7 8.
Bxf7+ Kxf7 9. Ng5+ Ke8 10. Qf3 Nh6 11. O-O Nxe5 12. Qd5 Nef7 13. Ne6 Bxe6 14.
Qxe6 Qc8 15. Qd5 Nf5 16. Bd2 h5 17. Rfe1 Kf8 18. Rac1 Qd7 19. a4 a6 20. b3 Re8
21. Re2 e6 22. Qe4 d5 23. Qd3 Ne5 24. Qc2 Nd4 25. Qd1 Nxe2+ 26. Nxe2 Kg8 27. Bg5
Kh7 28. Nc3 Rhf8 29. Ne4 dxe4 {White resigns} 0-1

[Event "Team 45 45 League T47"]
[Site "Internet Chess Club"]
[Date "2010.11.15"]
[Round "2"]
[White "tyler66"]
[Black "chicopee-ed"]
[Result "0-1"]
[WhiteElo "1336"]
[BlackElo "1400"]
[Opening "Pirc: Ufimtsev-Pytel variation"]
[ECO "B07"]
[Time "18:00:20"]
[TimeControl "2700+45"]

1. e4 d6 2. d4 Nf6 3. Nc3 c6 4. Nf3 Bg4 5. Be2 e6 6. h3 Bh5 7. O-O d5 8. e5 Nfd7
9. Ng5 Bxe2 10. Qxe2 Be7 11. Nf3 h6 12. Bf4 Nf8 13. Rfe1 Ng6 14. Bh2 Nh4 15.
Nxh4 Bxh4 16. Qg4 Qg5 17. Qxg5 Bxg5 18. b4 Bd2 19. Na4 Bxe1 20. Rxe1 Nd7 21. Nb2
O-O 22. c4 Rac8 23. a4 b6 24. Rc1 a5 25. b5 cxb5 26. axb5 Rc7 27. Bf4 Rfc8 28.
Na4 Rxc4 29. Rxc4 Rxc4 30. Nb2 Rb4 31. Nd3 Rxd4 32. Ne1 Rxf4 33. g3 Rb4 {White
resigns} 0-1

[Event "Team 45 45 League T47"]
[Site "Internet Chess Club"]
[Date "2010.11.12"]
[Round "2"]
[White "milesotoole"]
[Black "papricka205"]
[Result "1-0"]
[WhiteElo "1495"]
[BlackElo "1327"]
[Opening "Scotch game"]
[ECO "C45"]
[Time "10:00:52"]
[TimeControl "2700+45"]

1. e4 e5 2. Nf3 Nc6 3. d4 exd4 4. Nxd4 Bc5 5. Nxc6 Qf6 6. Qd2 Qxc6 7. Nc3 d6 8.
Bb5 Bb4 9. Bxc6+ bxc6 10. a3 Ba5 11. b4 Bb6 12. Na4 Nf6 13. Nxb6 axb6 14. O-O
O-O 15. Qe3 Re8 16. Bb2 Rxe4 17. Bxf6 Rxe3 18. fxe3 gxf6 19. Rxf6 Be6 20. Raf1
Rxa3 21. R1f3 Rc3 22. Rg3+ Kf8 23. Rh6 Bf5 24. Rf6 Bg6 25. Rf2 Bxc2 26. Kf1 Bg6
27. Ra2 c5 28. bxc5 Rxc5 29. Kf2 Rg5 30. Rxg5 c5 31. Ra6 b5 32. Rxd6 b4 33. Rxc5
b3 34. Rb5 b2 35. Rxb2 Kg7 36. g4 Kg8 37. h4 Kg7 38. h5 Be4 39. Ra2 h6 40. Ra7
Bd3 41. Rxd3 Kf6 42. Rdd7 Kg5 43. Rxf7 Kh4 44. Rh7 Kh3 45. Rxh6 Kh4 46. g5 Kh3
47. e4 Kg4 48. e5 Kf5 49. e6 Kf4 50. e7 Kf5 51. Rf6+ Kg4 52. Ke1 Kh4 53. Rf4+
Kxh5 54. Raa4 Kxg5 55. Rfb4 Kg6 56. Rf4 Kg7 57. Ra2 Kg8 58. Rg2+ Kh7 59. Rh4#
{Black checkmated} 1-0

[Event "Team 45 45 League T47"]
[Site "Internet Chess Club"]
[Date "2010.11.13"]
[Round "2"]
[White "joshq03"]
[Black "Toalla"]
[Result "0-1"]
[WhiteElo "1239"]
[BlackElo "1188"]
[Opening "Sicilian"]
[ECO "B50"]
[Time "16:02:09"]
[TimeControl "2700+45"]

1. e4 c5 2. Nf3 d6 3. Bc4 Nc6 4. O-O a6 5. a4 g6 6. Nc3 Bg7 7. d3 Nf6 8. Re1 Ne5
9. Nxe5 dxe5 10. Be3 Qc7 11. Qf3 O-O 12. Nd5 Nxd5 13. Bxd5 e6 14. Bc4 Bd7 15. b3
b5 16. axb5 axb5 17. Rxa8 Rxa8 18. Bxb5 Bxb5 19. c4 Bd7 20. Qd1 f5 21. Qf3 Ra3
22. Rb1 fxe4 23. dxe4 Bc8 24. b4 cxb4 25. c5 Qc6 26. h3 Bh6 27. Rxb4 Bxe3 28.
fxe3 Kg7 29. Rc4 Ba6 30. Rc1 Bd3 31. Kh2 Bxe4 32. Qg3 Qc7 33. h4 Bf5 34. Qe1 e4+
35. g3 Ra2+ 36. Kg1 e5 37. Qd1 Ra3 38. Kf2 Rd3 39. Qa4 Qf7 40. Ke2 Bg4+ 41. Ke1
Rxe3+ 42. Kd2 Rd3+ 43. Kc2 Qf2+ 44. Kb1 e3 45. Qxg4 Rb3+ 46. Ka1 Qb2# {White
checkmated} 0-1

[Event "Team 45 45 League T47"]
[Site "Internet Chess Club"]
[Date "2010.11.13"]
[Round "2"]
[White "crazyhorses"]
[Black "krysto"]
[Result "1-0"]
[WhiteElo "1528"]
[BlackElo "1466"]
[Opening "French: King's Indian attack"]
[ECO "C00"]
[Time "14:02:45"]
[TimeControl "2700+45"]

1. e4 e6 2. d3 d5 3. Nd2 c5 4. Ngf3 Nc6 5. g3 Be7 6. Bg2 Nf6 7. O-O dxe4 8. dxe4
h6 9. c3 e5 10. Qc2 O-O 11. Nc4 Qc7 12. h3 b5 13. Ne3 Be6 14. Nf5 Rad8 15. Re1
Bc4 16. Bf1 Bxf1 17. Kxf1 c4 18. Be3 Nd7 19. Qc1 Nf6 20. Bxh6 gxh6 21. Qxh6 Nh5
22. Qxh5 Bf6 23. Ng5 Bxg5 24. Qxg5+ Kh8 25. Qh6+ Kg8 26. Qg7# {Black checkmated}
1-0

[Event "Team 45 45 League T47"]
[Site "Internet Chess Club"]
[Date "2010.11.15"]
[Round "2"]
[White "Sandia"]
[Black "mongmong"]
[Result "0-1"]
[WhiteElo "1389"]
[BlackElo "1517"]
[Opening "French defense"]
[ECO "C00"]
[Time "07:00:14"]
[TimeControl "2700+45"]

1. e4 e6 2. Nf3 d5 3. exd5 exd5 4. d4 Nf6 5. Bg5 Bd6 6. Nc3 c6 7. Bd3 O-O 8. O-O
Bg4 9. Re1 Nbd7 10. h3 Bh5 11. Be2 Qc7 12. a3 Rfe8 13. g3 h6 14. Bd2 Re7 15. Kh2
Rae8 16. Nh4 Bxe2 17. Rxe2 Rxe2 18. Nxe2 Ne4 19. Be3 Ndf6 20. Qf1 Nh7 21. Re1
Neg5 22. Ng1 Ne4 23. Nf5 Qd7 24. Nxd6 Nxd6 25. Bf4 Ne4 26. f3 Nef6 27. Be5 Qc8
28. Re2 Nd7 29. Qe1 Nxe5 30. Rxe5 Rxe5 31. Qxe5 Nf6 32. Ne2 a6 33. Nc3 Qe8 34.
Qxe8+ Nxe8 35. Na4 Nd6 36. Nc5 f5 37. h4 Kf7 38. Kh3 Kf6 39. c3 g5 40. hxg5+
hxg5 41. g4 f4 42. Kg2 Ke7 43. Kf2 a5 44. Ke2 b6 45. Nb3 Nc4 46. Kd1 Nxb2+ 47.
Kc2 Nc4 48. a4 Na3+ 49. Kd3 Nc4 50. Nd2 Nxd2 51. Kxd2 Kd6 52. Kd3 c5 53. dxc5+
Kxc5 54. Kc2 Kc4 55. Kd2 d4 56. cxd4 Kxd4 57. Ke2 Kc3 58. Kd1 Kd3 59. Ke1 Ke3
60. Kd1 Kxf3 {White resigns} 0-1

[Event "Team 45 45 League T47"]
[Site "Internet Chess Club"]
[Date "2010.11.14"]
[Round "2"]
[White "IanT"]
[Black "Elalfer"]
[Result "1-0"]
[WhiteElo "1479"]
[BlackElo "1330"]
[Opening "Sicilian: Alapin's variation (2.c3)"]
[ECO "B22"]
[Time "20:02:22"]
[TimeControl "2700+45"]

1. e4 c5 2. c3 Nf6 3. e5 Nd5 4. d4 cxd4 5. cxd4 Nc6 6. Nf3 e6 7. Bc4 Nb6 8. Bb3
Be7 9. O-O O-O 10. Nc3 Bb4 11. Qd3 Bxc3 12. bxc3 Ne7 13. Bc2 g6 14. Bh6 Re8 15.
Bg5 d5 16. Qe3 Qd7 17. Bf6 Nf5 18. Bxf5 exf5 19. Qh6 Re6 20. Qg7# {Black
checkmated} 1-0

[Event "Team 45 45 League T47"]
[Site "Internet Chess Club"]
[Date "2010.11.12"]
[Round "2"]
[White "Traho"]
[Black "Conjurer"]
[Result "1-0"]
[WhiteElo "1280"]
[BlackElo "1198"]
[Opening "Sicilian: wing gambit"]
[ECO "B20"]
[Time "16:01:20"]
[TimeControl "2700+45"]

1. e4 c5 2. b4 e6 3. bxc5 Bxc5 4. d4 Bb4+ 5. Bd2 Nc6 6. c3 Ba5 7. Nf3 Nf6 8. Bd3
d6 9. O-O a6 10. a4 O-O 11. Na3 e5 12. d5 Ne7 13. Nc4 Bd7 14. Nxd6 Qc7 15. Nc4
b5 16. Nxa5 Qxa5 17. axb5 Qb6 18. bxa6 Bb5 19. Qb1 Rfb8 20. Bxb5 Qxb5 21. Qxb5
Rxb5 22. Rfb1 Rxb1+ 23. Rxb1 Nxe4 24. c4 f6 25. Ra1 Nc5 26. Bb4 Rxa6 27. Rxa6
Nxa6 28. Bxe7 Kf7 29. Bd8 Nc5 30. Bb6 Nd7 31. c5 Ke8 32. Nd2 f5 33. f3 g5 34. g4
fxg4 35. fxg4 Nf6 36. h3 Nxd5 37. Ne4 Nxb6 38. cxb6 Kd7 39. Nxg5 h6 40. Nf7 e4
41. Nxh6 Kc6 42. Nf5 Kxb6 43. g5 Kc5 44. g6 Kd5 45. g7 {Black resigns} 1-0

[Event "Team 45 45 League T47"]
[Site "Internet Chess Club"]
[Date "2010.11.14"]
[Round "2"]
[White "acejackace"]
[Black "misuc56"]
[Result "1-0"]
[WhiteElo "1451"]
[BlackElo "1759"]
[Opening "Réti opening"]
[ECO "A04"]
[Time "08:03:35"]
[TimeControl "2700+45"]

1. Nf3 c5 2. g3 Nc6 3. Bg2 d6 4. O-O g6 5. d3 Bg7 6. e4 Bd7 7. h3 Rb8 8. a3 b5
9. c3 a5 10. Nbd2 b4 11. c4 bxa3 12. Qc2 Nd4 13. Nxd4 Bxd4 14. Nb3 axb2 15. Bxb2
e5 16. Nxd4 cxd4 17. Ba3 Be6 18. Rfb1 Ne7 19. Rxb8 Qxb8 20. Qa4+ Bd7 21. Qxa5
O-O 22. Qd2 Kg7 23. Bc1 f5 24. Qh6+ Kg8 25. Bg5 Rf7 26. Qh4 Nc8 27. exf5 Rxf5
28. Bd5+ Rf7 29. Bxf7+ Kxf7 30. Qxh7+ Kf8 31. Qxd7 Nb6 32. Bh6+ Kg8 33. Qg7#
{Black checkmated} 1-0

[Event "Team 45 45 League T47"]
[Site "Internet Chess Club"]
[Date "2010.11.13"]
[Round "2"]
[White "Packerfan"]
[Black "redarmy44"]
[Result "0-1"]
[WhiteElo "1769"]
[BlackElo "1498"]
[Opening "Scandinavian defense"]
[ECO "B01"]
[Time "15:00:05"]
[TimeControl "2700+45"]

1. e4 d5 2. exd5 Nf6 3. d4 Bg4 4. Be2 Bxe2 5. Qxe2 Qxd5 6. Nf3 e6 7. Nc3 Bb4 8.
Bd2 Bxc3 9. Bxc3 Nc6 10. O-O O-O-O 11. Rfe1 Rhe8 12. Ne5 Rf8 13. Rad1 h6 14. a3
Kb8 15. b4 a6 16. Bb2 Qb5 17. c4 Qb6 18. c5 Qb5 19. Qc2 Nxe5 20. dxe5 Rxd1 21.
Rxd1 Nd5 22. Qb3 a5 23. Bc3 a4 24. Qc2 g6 25. Bd2 h5 26. Bg5 Kc8 27. Rc1 c6 28.
Qd1 Kc7 29. Qf3 Kb8 30. Bh6 Rd8 31. Qxf7 Qd3 32. Qf3 Qxf3 33. gxf3 Rh8 34. Be3
Rf8 35. Kg2 Rf5 36. f4 Nxf4+ 37. Bxf4 Rxf4 38. Kg3 Re4 39. f4 Re3+ 40. Kh4 Rxa3
41. Kg5 Rf3 42. Ra1 a3 43. Kxg6 Rxf4 44. Rxa3 Rxb4 45. Kf6 Rc4 46. Kxe6 Kc7 47.
Rh3 Rxc5 48. Rxh5 b5 49. Kf7 b4 50. Rh7 Kb6 51. e6 Rf5+ 52. Ke8 b3 53. Rh3 Rb5
54. e7 b2 55. Kd8 b1=Q 56. e8=Q Rd5+ 57. Kc8 Qf5+ 58. Kb8 Qxh3 59. Qc8 Qxc8+ 60.
Kxc8 Rh5 {White resigns} 0-1

[Event "Team 45 45 League T47"]
[Site "Internet Chess Club"]
[Date "2010.11.14"]
[Round "2"]
[White "Juan73"]
[Black "xt"]
[Result "1-0"]
[WhiteElo "1717"]
[BlackElo "1629"]
[Opening "Sicilian: Taimanov variation"]
[ECO "B46"]
[Time "20:01:28"]
[TimeControl "2700+45"]

1. e4 c5 2. Nc3 Nc6 3. Nf3 e6 4. d4 cxd4 5. Nxd4 a6 6. Be3 Nf6 7. Qd2 Bb4 8. Bg5
h6 9. Bxf6 Qxf6 10. Nxc6 bxc6 11. Bd3 O-O 12. a3 Bxc3 13. Qxc3 Qxc3+ 14. bxc3
Rb8 15. Ke2 d5 16. Rhb1 Rxb1 17. Rxb1 c5 18. exd5 exd5 19. Kd2 c4 20. Be2 Rd8
21. Rb8 g6 22. Bf3 Kg7 23. Ke3 Rf8 24. Kd4 Be6 25. Rxf8 Kxf8 26. Bxd5 Ke7 27.
Bxe6 fxe6 28. Kxc4 Kd6 29. a4 Kc6 30. Kd4 Kb6 31. c4 Ka5 32. c5 Kxa4 33. c6
{Black resigns} 1-0

[Event "Team 45 45 League T47"]
[Site "Internet Chess Club"]
[Date "2010.11.13"]
[Round "2"]
[White "CKNIGHT3"]
[Black "arriero55"]
[Result "1/2-1/2"]
[WhiteElo "1531"]
[BlackElo "1449"]
[Opening "QGD"]
[ECO "D52"]
[Time "12:00:30"]
[TimeControl "2700+45"]

1. d4 d5 2. c4 e6 3. Nc3 Nf6 4. Bg5 c6 5. e3 Nbd7 6. Nf3 h6 7. Bh4 Bb4 8. a3
Bxc3+ 9. bxc3 Qa5 10. Qb3 Ne4 11. Rc1 O-O 12. Nd2 Nxd2 13. Kxd2 dxc4 14. Bxc4
Nb6 15. Bd3 e5 16. Be7 Re8 17. Bb4 Qd5 18. Qxd5 Nxd5 19. Bd6 exd4 20. cxd4 Bd7
21. e4 Nf6 22. f3 Be6 23. Rhe1 Red8 24. Be5 Nd7 25. Bc7 Re8 26. Bf4 Nf6 27. Bc4
Nh5 28. Be3 Nf6 29. h3 Nd7 30. Red1 Nb6 31. Bxe6 fxe6 32. Ke2 Kf7 33. g4 Rac8
34. Kf2 Red8 35. f4 Na4 36. d5 a6 37. Rd4 b5 38. dxe6+ Kxe6 39. Rxd8 Rxd8 40.
Rxc6+ Rd6 41. f5+ Kd7 42. Rxd6+ Kxd6 43. Bd4 Nc5 44. Bxc5+ Kxc5 45. e5 Kd5 46.
e6 Kd6 47. Ke3 g6 48. Kd4 a5 49. fxg6 Kxe6 50. Kc5 b4 51. axb4 axb4 52. Kxb4 Kf6
53. g7 Kxg7 54. Kc4 Kf6 55. Kd4 Kg5 56. Ke4 Kh4 57. Kf5 Kxh3 58. Kf4 Kh4 59. Kf3
Kg5 60. Kg3 h5 61. gxh5 Kxh5 {Game drawn because neither player has mating
material} 1/2-1/2

[Event "Team 45 45 League T47"]
[Site "Internet Chess Club"]
[Date "2010.11.15"]
[Round "2"]
[White "randallsr"]
[Black "Buford-Julep"]
[Result "1/2-1/2"]
[WhiteElo "1763"]
[BlackElo "1623"]
[Opening "English opening: Agincourt variation"]
[ECO "A13"]
[Time "11:30:17"]
[TimeControl "2700+45"]

1. Nf3 d5 2. c4 e6 3. cxd5 exd5 4. b3 Be7 5. Bb2 Nf6 6. g3 c5 7. Bg2 Nc6 8. Ne5
Nxe5 9. Bxe5 O-O 10. O-O Be6 11. d3 Bd6 12. Bxf6 Qxf6 13. Nd2 Be5 14. Rb1 Rad8
15. b4 cxb4 16. Rxb4 Qe7 17. Qb1 b6 18. d4 Bd6 19. Rb3 Rc8 20. Rc1 Rxc1+ 21.
Qxc1 Rc8 22. Rc3 Rxc3 23. Qxc3 Bb4 24. Qb2 Bxd2 25. Qxd2 Qc7 26. e3 b5 27. Bf1
a6 28. Bd3 g6 29. f3 Bd7 30. Kf2 a5 31. Qc2 Qxc2+ 32. Bxc2 f5 33. a3 Kg7 34. Ke2
Kf6 35. h4 h6 {Game drawn by mutual agreement} 1/2-1/2

[Event "Team 45 45 League T47"]
[Site "Internet Chess Club"]
[Date "2010.11.12"]
[Round "2"]
[White "LPH-9"]
[Black "Signalman"]
[Result "0-1"]
[WhiteElo "1396"]
[BlackElo "1633"]
[Opening "Philidor: Improved Hanham variation"]
[ECO "B07"]
[Time "13:01:35"]
[TimeControl "2700+45"]

1. e4 d6 2. d4 Nf6 3. Nc3 Nbd7 4. Nf3 e5 5. d5 Be7 6. Bd3 O-O 7. O-O c6 8. b4
Qc7 9. a4 a6 10. Nh4 cxd5 11. Nf5 Qxc3 12. Nxe7+ Kh8 13. Bd2 Qc7 14. exd5 Nb6
15. Nxc8 Raxc8 16. Bf5 Rcd8 17. c4 g6 18. Bg5 Kg7 19. Bxf6+ Kxf6 20. Bd3 Kg7 21.
a5 Nd7 22. f4 f5 23. Rc1 b6 24. g4 bxa5 25. gxf5 axb4 26. fxg6 Rxf4 27. Rxf4
exf4 28. gxh7 Ne5 29. Bf5 Kh8 30. Qh5 Rf8 31. Qg5 Nf3+ {White resigns} 0-1

[Event "Team 45 45 League T47"]
[Site "Internet Chess Club"]
[Date "2010.11.14"]
[Round "2"]
[White "BishopMike"]
[Black "HammerTime"]
[Result "0-1"]
[WhiteElo "1427"]
[BlackElo "1595"]
[Opening "Sicilian"]
[ECO "B56"]
[Time "18:04:03"]
[TimeControl "2700+45"]

1. e4 c5 2. d4 cxd4 3. Nf3 d6 4. Nxd4 Nf6 5. Nc3 e5 6. Nf3 Bg4 7. Be2 Qa5 8. Bd2
Qb4 9. Nd5 Qxe4 10. Nc7+ Kd8 11. Nxa8 b6 12. O-O Qxa8 13. Bg5 h6 14. Bxf6+ gxf6
15. Qd3 e4 16. Qc3 Rg8 17. Qxf6+ Be7 18. Qxf7 Rf8 19. Qb3 exf3 20. Bc4 fxg2 21.
Rfe1 Bh4 22. Re2 Bxe2 23. Bxe2 Bxf2# {White checkmated} 0-1

[Event "Team 45 45 League T47"]
[Site "Internet Chess Club"]
[Date "2010.11.12"]
[Round "2"]
[White "TheronUAL"]
[Black "rahulr"]
[Result "0-1"]
[WhiteElo "1528"]
[BlackElo "1553"]
[Opening "Scandinavian defense"]
[ECO "B01"]
[Time "20:03:16"]
[TimeControl "2700+45"]

1. e4 d5 2. exd5 Nf6 3. Bb5+ Bd7 4. Bxd7+ Qxd7 5. Nf3 Nxd5 6. O-O Nc6 7. d4
O-O-O 8. Nc3 Nb6 9. Be3 e6 10. Ne2 Bd6 11. c3 Nd5 12. a3 Nxe3 13. fxe3 Qe7 14.
Qc2 g5 15. Nc1 g4 16. Nd2 f5 17. Nd3 h5 18. Nf4 Rdg8 19. Nc4 Bxf4 20. Rxf4 Rg5
21. e4 e5 22. Rxf5 Rxf5 23. exf5 exd4 24. Rf1 Qc5 25. Qd3 dxc3+ 26. Kh1 cxb2 27.
Nxb2 Rf8 28. f6 Ne5 29. Qf5+ Kb8 30. Qe6 Qd6 31. Qf5 Nd7 32. Nc4 Qxf6 33. Qxf6
Rxf6 34. Rxf6 Nxf6 35. Kg1 Kc8 36. Ne5 c5 37. Kf1 Kc7 38. Ke2 Kd6 39. Nc4+ Kd5
40. Kd3 b5 41. Ne3+ Ke5 42. Nd1 Nd5 43. Ke2 Ke4 44. Nf2+ Kd4 45. Nd3 Nc3+ 46.
Kd2 Nb1+ 47. Ke2 Nxa3 48. Kd2 b4 49. g3 b3 50. Nb2 Nc4+ 51. Kc1 Nxb2 52. Kxb2 c4
53. Kc1 c3 54. Kb1 Kd3 55. Kc1 Ke2 {White resigns} 0-1

[Event "Team 45 45 League T47"]
[Site "Internet Chess Club"]
[Date "2010.11.17"]
[Round "2"]
[White "PandorasBox"]
[Black "MikeA"]
[Result "0-1"]
[WhiteElo "1950"]
[BlackElo "2147"]
[Opening "English opening"]
[ECO "A20"]
[Time "17:04:37"]
[TimeControl "2700+45"]

1. c4 e5 2. g3 Nf6 3. Bg2 d5 4. cxd5 Nxd5 5. Nf3 Nc6 6. O-O Be7 7. d4 exd4 8.
Nxd4 Nxd4 9. Qxd4 Nf6 10. Qa4+ Qd7 11. Qb3 O-O 12. Rd1 Bd6 13. Nc3 Re8 14. e4
Qe6 15. Qc2 Bd7 16. Bg5 Bc6 17. Bxf6 Qxf6 18. Nd5 Qg6 19. f4 Rad8 20. Rac1 Bxd5
21. Rxd5 c6 22. Rg5 Qh6 23. Bf3 g6 24. e5 Bxe5 25. Rxe5 Rxe5 26. fxe5 Rd2 27.
Qc5 Qxh2+ 28. Kf1 Rxb2 29. Rd1 Qh3+ {White resigns} 0-1

[Event "Team 45 45 League T47"]
[Site "Internet Chess Club"]
[Date "2010.11.12"]
[Round "2"]
[White "GreatPelle"]
[Black "Deckfuel"]
[Result "0-1"]
[WhiteElo "2030"]
[BlackElo "2082"]
[Opening "Blackmar gambit"]
[ECO "D00"]
[Time "13:00:30"]
[TimeControl "2700+45"]

1. d4 d5 2. e4 Nc6 3. e5 f6 4. f4 Nh6 5. Nf3 Bf5 6. Bd3 e6 7. O-O Qd7 8. c3 Bxd3
9. Qxd3 f5 10. b4 Nf7 11. b5 Na5 12. a4 c5 13. dxc5 Bxc5+ 14. Nd4 Nb3 15. Ra2
Nxc1 16. Rxc1 Rc8 17. Nd2 a5 18. Nb3 Bb6 19. c4 dxc4 20. Rxc4 O-O 21. Rac2 Rxc4
22. Qxc4 Rd8 23. Rd2 Rc8 24. Qd3 Qd5 25. h3 Rc4 26. Kh2 Rxa4 27. g4 fxg4 28.
hxg4 Rb4 29. f5 Bxd4 30. Nxd4 Nxe5 31. Qc3 Rc4 32. Qb2 Rxd4 33. Rxd4 Qxd4 34.
Qa2 Qf2+ 35. Qxf2 Nxg4+ 36. Kg3 Nxf2 37. fxe6 Ne4+ 38. Kf4 Nc5 39. e7 Kf7 40.
e8=Q+ Kxe8 {White resigns} 0-1

[Event "Team 45 45 League T47"]
[Site "Internet Chess Club"]
[Date "2010.11.14"]
[Round "2"]
[White "alexdb"]
[Black "primerpaso"]
[Result "1-0"]
[WhiteElo "1941"]
[BlackElo "1761"]
[Opening "Sicilian: closed"]
[ECO "B23"]
[Time "13:00:39"]
[TimeControl "2700+45"]

1. e4 c5 2. Nc3 d6 3. f4 Nc6 4. Nf3 g6 5. Bb5 Bg7 6. O-O Bd7 7. Kh1 Nd4 8. Nxd4
cxd4 9. Bxd7+ Qxd7 10. Ne2 Nh6 11. c3 Qc6 12. Ng3 d5 13. e5 dxc3 14. dxc3 O-O
15. Be3 Nf5 16. Nxf5 gxf5 17. Qd3 e6 18. Rf3 Qc4 19. Qd2 f6 20. Bd4 Kh8 21. Rh3
Qc7 22. Qe2 Qf7 23. Rf1 fxe5 24. fxe5 Qg6 25. Rf4 Qg5 26. Qf1 Rf7 27. Rfh4 Bf8
28. Be3 Qe7 29. Qc1 Rc8 30. Bg5 Qd7 31. Bf6+ Kg8 32. Qg5+ Bg7 33. Rxh7 d4 34.
Rh8# {Black checkmated} 1-0

[Event "Team 45 45 League T47"]
[Site "Internet Chess Club"]
[Date "2010.11.13"]
[Round "2"]
[White "frank001"]
[Black "Holzschlange"]
[Result "0-1"]
[WhiteElo "1740"]
[BlackElo "1834"]
[Opening "Benoni: Taimanov variation"]
[ECO "A67"]
[Time "22:00:28"]
[TimeControl "2700+45"]

1. d4 Nf6 2. c4 c5 3. d5 e6 4. Nc3 exd5 5. cxd5 d6 6. e4 g6 7. f4 Bg7 8. Bb5+
Nfd7 9. a4 a6 10. Be2 Qh4+ 11. Kf1 O-O 12. Nf3 Qe7 13. e5 dxe5 14. fxe5 Nxe5 15.
d6 Qd7 16. Bf4 Nxf3 17. Bxf3 Nc6 18. Nd5 Nd4 19. Nb6 Qf5 20. Bg3 Be6 21. Nxa8
Rxa8 22. h3 Nc2 23. Kg1 Nxa1 24. Qxa1 Be5 25. Bxe5 Qxe5 26. Bxb7 Rb8 27. Bxa6
Qd4+ 28. Kf1 Rxb2 29. Qe1 Ra2 30. Bb5 Ra1 {White resigns} 0-1

[Event "Team 45 45 League T47"]
[Site "Internet Chess Club"]
[Date "2010.11.12"]
[Round "2"]
[White "theophilus"]
[Black "ChristopherPace"]
[Result "1/2-1/2"]
[WhiteElo "2227"]
[BlackElo "2059"]
[Opening "QGD: exchange, positional line, 6.Qc2"]
[ECO "D36"]
[Time "09:33:09"]
[TimeControl "2700+45"]

1. d4 Nf6 2. c4 e6 3. Nc3 d5 4. cxd5 exd5 5. Bg5 c6 6. Qc2 Be7 7. e3 O-O 8. Bd3
h6 9. Bh4 Re8 10. Nge2 Nbd7 11. O-O Nf8 12. f3 Be6 13. Rad1 Qd7 14. h3 Bd8 15.
e4 Nxe4 16. Bxd8 Nxc3 17. bxc3 Raxd8 18. f4 f6 19. f5 Bf7 20. Nf4 Qd6 21. Qf2
Nh7 22. h4 b6 23. Bb1 Qa3 24. Rd3 Qe7 25. Rg3 Kh8 26. Bd3 Qd6 {Game drawn by
mutual agreement} 1/2-1/2

[Event "Team 45 45 League T47"]
[Site "Internet Chess Club"]
[Date "2010.11.14"]
[Round "2"]
[White "christinaa"]
[Black "chess92192"]
[Result "0-1"]
[WhiteElo "2065"]
[BlackElo "2053"]
[Opening "French: Fort Knox variation"]
[ECO "C10"]
[Time "19:00:19"]
[TimeControl "2700+45"]

1. e4 e6 2. d4 d5 3. Nc3 dxe4 4. Nxe4 Bd7 5. Nf3 Bc6 6. Bd3 Nd7 7. O-O Ngf6 8.
Ng3 Be7 9. Ne5 Nxe5 10. dxe5 Qd5 11. f3 Qxe5 12. Re1 Bc5+ 13. Kh1 Qd6 14. Nf5
Qf8 15. Bc4 Bd7 16. b4 Bxb4 17. c3 Bc5 18. Qb3 O-O-O 19. Rb1 Bc6 20. Nd4 Bxd4
21. cxd4 Qd6 22. Rd1 Bd5 23. Ba3 Qd7 24. Qb4 b6 25. Ba6+ Bb7 26. Bb5 Bc6 27.
Ba6+ Kb8 28. Qc4 Qd5 29. Qe2 h5 30. Rbc1 Bb7 31. Bc4 Qd7 32. Bb5 Qd5 33. Be7 Rc8
34. h4 Qf5 35. a4 Qf4 36. Qe1 c6 37. Bc4 Rhe8 38. Ba3 Rcd8 39. Bb2 Nd5 40. a5
Ne3 41. axb6 axb6 42. Rd3 Nf5 43. d5 exd5 44. Qd1 Ng3+ 45. Kg1 Ne2+ 46. Kf1
{White resigns} 0-1

[Event "Team 45 45 League T47"]
[Site "Internet Chess Club"]
[Date "2010.11.13"]
[Round "2"]
[White "hewdondada"]
[Black "Pablito15"]
[Result "0-1"]
[WhiteElo "1849"]
[BlackElo "1517"]
[Opening "QGD semi-Slav"]
[ECO "D43"]
[Time "20:10:29"]
[TimeControl "2700+45"]

1. d4 d5 2. c4 c6 3. Nf3 Nf6 4. Nc3 e6 5. Bg5 Nbd7 6. cxd5 exd5 7. e3 Bd6 8. Bd3
h6 9. Bh4 g5 10. Bg3 Bxg3 11. hxg3 g4 12. Ne5 Qb6 13. Rb1 h5 14. Bf5 Nxe5 15.
Bxc8 Rxc8 16. dxe5 Nd7 17. Qd3 Nxe5 18. Qf5 Qc7 19. Rxh5 Rxh5 20. Qxh5 Qd6 21.
Rd1 Ke7 22. Kf1 Qe6 23. Ne2 Qf6 24. Qh4 Rh8 25. Qxf6+ Kxf6 26. Nf4 Rh1+ 27. Ke2
Rxd1 28. Kxd1 a5 29. Kc2 b5 30. b3 b4 31. Kd2 Kf5 32. Nd3 Nxd3 33. Kxd3 c5 34.
f3 f6 35. e4+ dxe4+ 36. fxe4+ Ke5 37. Ke3 c4 38. bxc4 a4 39. Kd3 a3 40. Kc2 Kd4
41. Kd2 b3 {White resigns} 0-1

[Event "Team 45 45 League T47"]
[Site "Internet Chess Club"]
[Date "2010.11.16"]
[Round "2"]
[White "Egmont"]
[Black "RD1974"]
[Result "0-1"]
[WhiteElo "1760"]
[BlackElo "1810"]
[Opening "Scandinavian: Pytel-Wade variation"]
[ECO "B01"]
[Time "11:00:41"]
[TimeControl "2700+45"]

1. e4 d5 2. exd5 Qxd5 3. Nc3 Qd6 4. d4 Nf6 5. Nf3 a6 6. h3 Nbd7 7. Bd3 e6 8. Be3
b5 9. Qd2 Bb7 10. Bf4 Qb6 11. Qe2 Bb4 12. a3 Bxc3+ 13. bxc3 Nd5 14. Bd2 c5 15.
O-O c4 16. Be4 N7f6 17. Bxd5 Bxd5 18. Ne5 O-O 19. a4 Rfd8 20. f3 h6 21. Rfb1 Nd7
22. Nxd7 Rxd7 23. axb5 axb5 24. Rxa8+ Bxa8 25. Qxc4 Bc6 26. Qe2 Rb7 27. Be3 Bd5
28. Qd2 Kh7 29. Bf4 Bc4 30. Qe3 Re7 31. Qe4+ f5 32. Qe3 Qc6 33. Be5 Bd5 34. Ra1
Rb7 35. Ra8 b4 36. cxb4 Qxc2 37. Rb8 Ra7 38. Kh2 Ra2 39. Qg1 Bxf3 40. Kg3 Qe4
41. gxf3 f4+ 42. Bxf4 Qg6+ {White resigns} 0-1